 Dungeon Crawl Stone Soup version 0.31-a0-851-g7ff8af7976 (webtiles) character file.

Game seed: 16274261371463187061

1145 BinkBink the Grave Robber (level 8, -1/39 (45) HPs)
             Began as a Deep Elf Necromancer on Oct 6, 2023.
             Slain by Pikel
             ... wielding a +1 whip of flaming
              (3 damage)
             ... on level 6 of the Dungeon.
             The game lasted 00:21:26 (6936 turns).

BinkBink the Grave Robber (Deep Elf Necromancer)    Turns: 6936, Time: 00:21:26

HP:   -1/39 (45)    AC:  3    Str:  5    XL:     8   Next: 15%
MP:   17/20         EV: 12    Int: 29    God:
Gold: 331           SH:  0    Dex: 15    Spells: 16/20 levels left

rFire   . . .        w - +3 longbow (freeze)
rCold   . . .        (shield currently unavailable)
rNeg    . . .        a - +0 robe
rPois   .            (no helmet)
rElec   .            r - scarf {repulsion}
rCorr   .            (no gloves)
SInv    .            k - +0 pair of boots
Will    .....        (no amulet)
Stlth   ++           q - +4 ring of slaying
HPRegen 0.26/turn    y - +6 ring of intelligence
MPRegen 0.17/turn

%: repel missiles
@: heavily drained
A: no striking features
a: no special abilities


You were on level 6 of the Dungeon.
You visited 2 branches of the dungeon, and saw 8 of its levels.
You also visited: Sewer.

You collected 331 gold pieces.

Inventory:

Hand Weapons
 w - a +3 longbow of freezing (weapon)
Armour
 a - a +0 robe (worn)
 k - a +0 pair of boots (worn)
 r - a scarf of repulsion (worn)
Jewellery
 q - a +4 ring of slaying (left hand)
 y - a +6 ring of intelligence (right hand)
Talismans
 g - a talisman of death
 o - a granite talisman
 u - a beast talisman
Wands
 C - a wand of paralysis (7)
Scrolls
 c - a scroll of revelation
 e - 2 scrolls of teleportation
 f - a scroll of torment
 l - a scroll of vulnerability
 m - 2 scrolls of fear
 n - 3 scrolls of brand weapon
 p - 2 scrolls of fog
 t - a scroll of amnesia
 x - 3 scrolls of enchant armour
 z - a scroll of blinking {unknown}
 A - a scroll of summoning {unknown}
Potions
 b - a potion of magic
 d - 4 potions of curing
 h - a potion of invisibility {unknown}
 i - 2 potions of haste {unknown}
 s - 2 potions of mutation {unknown}
 v - a potion of heal wounds {unknown}
 D - a potion of brilliance {unknown}


   Skills:
 * Level 2.7 Fighting
 * Level 4.4 Ranged Weapons
 - Level 2.4 Dodging
 - Level 2.4 Stealth
 + Level 6.8 Spellcasting
 + Level 7.4 Necromancy
 * Level 4.6 Shapeshifting


You had 16 spell levels left.
You knew the following spells:

 Your Spells              Type           Power      Damage    Failure   Level
a - Necrotise             Necr           100%       1d9       1%          1
b - Vampiric Draining     Necr           52%        2d9       1%          3

Your spell library contained the following spells:

 Spells                   Type           Power      Damage    Failure   Level
 Animate Dead             Necr           52%        N/A       2%          4
 Foxfire                  Conj/Fire      36%        2x1d5     5%          1
 Sting                    Tmut/Pois      36%        1d4       5%          1
 Agony                    Necr           52%        N/A       7%          5
 Ensorcelled Hibernation  Hex/Ice        18%        N/A       8%          2
 Jinxbite                 Hex            18%        N/A       8%          2
 Poisonous Vapours        Pois/Air       18%        N/A       8%          2
 Anguish                  Hex/Necr       15%        N/A       12%         4
 Dazzling Flash           Conj/Hex       18%        N/A       16%         3
 Ozocubu's Armour         Ice            9%         N/A       16%         3
 Volatile Blastmotes      Fire/Tloc      18%        2d11      16%         3
 Olgreb's Toxic Radiance  Pois           9%         N/A       45%         4
 Iskenderun's Battlesphe  Conj           9%         2d6       82%         5
 Metabolic Englaciation   Hex/Ice        4%         N/A       82%         5
 Simulacrum               Ice/Necr       15%        N/A       87%         6
 Bombard                  Conj/Erth      4%         9d2       100%        6
 Plasma Beam              Fire/Air       4%         2x1d14    100%        6
 Starburst                Conj/Fire      4%         6d4       100%        6
 Spellforged Servitor     Conj/Summ      4%         N/A       100%        7
 Maxwell's Capacitive Co  Air            4%         ∞         100%        8


Dungeon Overview and Level Annotations

Branches:
Dungeon (7/15)             Temple (1/1) D:4           Sewer (visited)

Altars:
Ashenzari
Cheibriados
Dithmenos
Elyvilon
Fedhas
Gozag
Makhleb
Nemelex Xobeh
Qazlal
Sif Muna
Trog
Uskayaw
Vehumet
Wu Jian
Xom
Yredelemnul
Zin
The Shining One

Shops:
D:5 [

Annotations:
D:3 Grinder
D:6 Pikel


Message History

The lemure is severely wounded.
You shoot an arrow. The arrow hits the lemure!
The arrow freezes the lemure.
You kill the lemure!
That felt strangely unrewarding.
You shoot an arrow. The arrow hits the lemure!!
The arrow freezes the lemure.
The lemure is almost dead.
You shoot an arrow. The arrow barely misses the lemure.
The lemure misses you.
You climb upwards.
There is a stone staircase leading down here.
You shoot an arrow. The arrow hits the lemure!
The arrow freezes the lemure.
You kill the lemure!
That felt strangely unrewarding.
You climb downwards.
Level annotation: Pikel The lemure closely misses you.
Pikel hits you with a +1 whip of flaming!
Pikel burns you.
The lemure hits you. x2; The lemure hits you!
Pikel hits you with a +1 whip of flaming.
* * * LOW HITPOINT WARNING * * *
Pikel burns you.
* * * LOW HITPOINT WARNING * * *
There is a stone staircase leading up, spattered with blood here.
The lemure hits you.
* * * LOW HITPOINT WARNING * * *
Pikel misses you. The lemure barely misses you.
You climb upwards.
There is a stone staircase leading down here.
Casting: Vampiric Draining (safe; 1% risk of failure)
Confirm with . or Enter, or press ? or * to list all spells.
Aiming: Vampiric Draining (safe; 1% risk of failure)
Press: ? - help, Shift-Dir - straight line, f - Pikel
Aim: Pikel, wielding a +1 whip of flaming and wearing a +0 robe You draw life force from Pikel!
You feel life coursing into your body! The lemure hits you but does no damage.
Pikel hits you with a +1 whip of flaming!
* * * LOW HITPOINT WARNING * * *
Pikel burns you.
You die...
Pikel says, "See you in Hell!"

##################
#.....#..........####
##.....#.#######.5...#
.......#.# #@....# ##.....#.#
###K5...# .......#.# #......[#
#......#.# #.......#
<......#.#####.......##########
#......#..(.|.................#
.......#######.............)..#
##.....# ##'#'#...........#
.'.....# #.#.#############


You could see Pikel and 2 lemures.

Vanquished Creatures
  3 black bears
  2 ogres (D:5)
  2 lemures
  A kobold brigand (D:6)
  Blork the orc (D:4)
  2 scorpions
  A wight (D:6)
  A hound (D:4)
  2 iguanas (D:6)
  An orc wizard (D:4)
  13 adders
  A gnoll (D:2)
  A river rat (Sewer)
  A shadow imp (D:7)
  2 ufetubi (D:5)
  2 worms
  2 dart slugs (D:2)
  12 orcs
  8 bats
  4 endoplasms
  4 giant cockroaches
  6 goblins
  12 hobgoblins
  9 jackals
  10 kobolds
  8 quokkas
  8 ball pythons
  9 frilled lizards
  13 rats
141 creatures vanquished.

Vanquished Creatures (collateral kills)
  An orc (D:4)
  3 rats
4 creatures vanquished.

Vanquished Creatures (others)
  A quokka (D:4)
1 creature vanquished.

Grand Total: 146 creatures vanquished

Notes
Turn   | Place    | Note
-------+----------+-------------------------------------------
     0 | D:1      | BinkBink the Deep Elf Necromancer began the quest for the
                  | Orb.
     0 | D:1      | Reached XP level 1. HP: 10/10 MP: 6/6
   223 | D:1      | Reached skill level 5 in Necromancy
   390 | D:1      | Reached XP level 2. HP: 15/15 MP: 3/8
   962 | D:1      | Reached XP level 3. HP: 19/19 MP: 8/10
  1493 | D:2      | Found a faded altar of an unknown god.
  1524 | D:2      | Reached skill level 1 in Shapeshifting
  1586 | D:2      | Reached XP level 4. HP: 24/24 MP: 8/12
  1837 | D:2      | Learned a level 3 spell: Vampiric Draining
  2607 | D:3      | Found a snail-covered altar of Cheibriados.
  2626 | D:3      | Reached skill level 6 in Necromancy
  2715 | D:3      | Reached skill level 5 in Spellcasting
  2945 | D:3      | Noticed Grinder
  2997 | D:2      | Reached XP level 5. HP: 28/28 MP: 7/14
  3224 | D:3      | Paralysed by Grinder for 5 turns
  3704 | D:4      | Found a blossoming altar of Fedhas.
  3707 | D:4      | Noticed Blork the orc
  3719 | D:4      | Killed Blork the orc
  3914 | D:4      | Found a white marble altar of Elyvilon.
  3921 | D:4      | Reached XP level 6. HP: 31/32 MP: 10/16
  4137 | D:5      | Entered Level 5 of the Dungeon
  4173 | D:4      | Found a staircase to the Ecumenical Temple.
  4177 | Temple   | Entered the Ecumenical Temple
  4465 | D:4      | Found a glowing silver altar of Zin.
  4655 | D:5      | Reached skill level 1 in Ranged Weapons
  4667 | D:5      | Reached skill level 1 in Fighting
  4683 | D:5      | Reached XP level 7. HP: 38/38 MP: 3/18
  4881 | D:5      | Found Cyradioc's Armour Emporium.
  5183 | D:5      | Reached skill level 7 in Necromancy
  5639 | D:6      | Found a glowing drain.
  5659 | Sewer    | Entered a sewer
  6331 | D:6      | Reached XP level 8. HP: 45/45 MP: 13/20
  6923 | D:7      | Noticed Pikel
  6934 | D:7      | HP: 1/39 [lemure[Pikel] (5)]
  6936 | D:6      | Slain by Pikel

Illustrated notes

Levels and vault maps discovered:
D:1:      dpeg_arrival_fog, layout_loops_cross
D:2:      minmay_chambers_of_twos, layout_loops_corners,
          shapermc_ecumenical_altar_gd
D:3:      layout_basic, old_standard_altar, chequers_temple_overflow_minitemple,
          uniq_grinder
D:4:      layout_basic, elyvilon_altar_4, lemuel_coloured_pillars_altar,
          lemuel_round_altar, minmay_temple_entry_purple_smoke,
          uniq_blork_the_orc
D:5:      layout_basic, serial_shops, shop, hangedman_decor_opposing
D:6:      layout_basic, portal_sewer_entry_f
D:7:      layout_loops_corners, kennysheep_flooded_box,
          guppyfry_early_elven_hall, uniq_pikel
Temple:   nicolae_temple_ecumenical_triangle

Skill      XL: |  1  2  3  4  5  6  7 |
---------------+----------------------+-----
Necromancy     | 5 6 7 |  7.4
Spellcasting   | 4 5 6 |  6.8
Shapeshifting  | 1 2 3 4 |  4.6
Ranged Weapons | 2 4 |  4.4
Fighting       | 1 2 |  2.7
Dodging        | |  2.4
Stealth        | |  2.4

Action                     |  1- 3 |  4- 6 |  7- 9 || total
---------------------------+-------+-------+-------++-------
  Melee: Unarmed           |       |     1 |       ||     1
   Fire: Longbow           |       |    13 |    90 ||   103
   Cast: Necrotise         |    67 |   118 |     1 ||   186
         Vampiric Draining |       |    15 |    15 ||    30
    Use: Scroll            |       |     1 |    15 ||    16
         Potion            |       |       |     3 ||     3
 Armour: Robe              |     9 |    32 |    48 ||    89
  Dodge: Dodged            |    10 |    45 |    48 ||   103
         Repelled          |       |     1 |       ||     1
         Form:             |       |     1 |       ||     1
         Beast             |       |     1 |       ||     1

Table legend: (Time is in decaauts)
 A = Elapsed time spent in this place.
 B = Non-inter-level travel time spent in this place.
 C = Inter-level travel time spent in this place.
 D = Time resting spent in this place.
 E = Time spent auto-exploring this place.
 F = Levels seen in this place.
 G = Mean time per level.
                   A        B        C        D        E       F      G
               +--------+--------+--------+--------+--------+-----+--------+
         Total |   7051 |   6629 |    422 |    119 |   5149 |   9 |  783.4 |
       Dungeon |   6547 |   6125 |    422 |    119 |   4781 |   7 |  935.3 |
        Temple |     27 |     27 |      0 |      0 |      0 |   1 |   27.0 |
         Sewer |    475 |    475 |      0 |      0 |    367 |   1 |  475.0 |
               +--------+--------+--------+--------+--------+-----+--------+

Top non-repeatable levels by time:
     D:2: 1560 daAuts
     D:4: 1269 daAuts
     D:1: 1018 daAuts
     D:5: 926 daAuts
     D:6: 848 daAuts
     D:3: 743 daAuts
   Sewer: 475 daAuts
     D:7: 180 daAuts
  Temple: 27 daAuts
